 Dungeon Crawl Stone Soup version 0.31-a0-960-g0fca184906 (webtiles) character file.

Game seed: 4560698503911257169

49 retardedninja the Firebug (level 3, -5/19 HPs)
             Began as a Gargoyle Fire Elementalist on Oct 20, 2023.
             Slain by a worm (9 damage)
             ... on level 2 of the Dungeon on Oct 23, 2023.
             The game lasted 00:06:16 (2082 turns).

retardedninja the Firebug (GrFE)                    Turns: 2082, Time: 00:06:17

Health: -5/19      AC:  5    Str: 11    XL:     3   Next: 77%
Magic:  1/6        EV: 12    Int: 17    God:
Gold:   70         SH:  0    Dex: 10    Spells: 3/6 levels left

rFire   . . .        (no weapon)
rCold   . . .        (no shield)
rNeg    + . .        a - +0 robe
rPois   ∞            (no helmet)
rElec   +            (no cloak)
rCorr   .            (no gloves)
SInv    .            (no boots)
Will    .....        (no amulet)
Stlth   ++           (no ring)
HPRegen 0.23/turn    (no ring)
MPRegen 0.10/turn

%: no passive effects
@: no status effects
A: sickness immunity, AC +3, negative energy resistance 1, electricity
resistance, torment resistance 1, petrification resistance
a: no special abilities


You were on level 2 of the Dungeon.
You visited 1 branch of the dungeon, and saw 2 of its levels.

You collected 70 gold pieces.

Inventory:

Armour
 a - a +0 robe (worn)
Jewellery
 h - a ring of protection from cold
 k - an amulet of magic regeneration
Scrolls
 c - 2 scrolls of teleportation {unknown}
 e - a scroll of identify {unknown}
 i - 2 scrolls of vulnerability {unknown}
 j - a scroll of fear {unknown}
Potions
 b - a potion of magic
 d - a potion of enlightenment {unknown}
 f - 2 potions of haste {unknown}
 g - 2 potions of curing {unknown}


   Skills:
 + Level 2.0 Dodging
 + Level 2.8 Stealth
 + Level 2.4 Spellcasting
 + Level 1.9 Conjurations
 + Level 3.3 Fire Magic


You had 3 spell levels left.
You knew the following spells:

 Your Spells              Type           Power      Damage    Failure   Level
a - Foxfire               Conj/Fire      44%        2x1d6     6%          1
b - Scorch                Fire           26%        2d6       7%          2

Your spell library contained the following spells:

 Spells                   Type           Power      Damage    Failure   Level
 Inner Flame              Hex/Fire       7%         N/A       28%         3
 Volatile Blastmotes      Fire/Tloc      14%        2d11      28%         3
 Flame Wave               Conj/Fire      11%        2d6       52%         4


Dungeon Overview and Level Annotations

Branches:
Dungeon (2/15)

Altars:


Innate Abilities, Weirdness & Mutations

You are immune to sickness and miasma.
Your stone body is resilient. (AC +3)
You are immune to poison.
You resist negative energy. (rN+)
You are resistant to electric shocks. (rElec)
You are resistant to unholy torment.
You are immune to petrification.


Message History

A worm is nearby!
You conjure some foxfire!
The foxfire hits the worm.
The worm is moderately wounded.
The foxfire hits the worm.
The worm is heavily wounded.
You conjure some foxfire!
The foxfire hits the worm.
The worm is severely wounded.
You conjure some foxfire!
The foxfire hits the worm but does no damage.
The worm is heavily wounded.
The foxfire hits the worm.
The worm is severely wounded.
You miscast Foxfire.
You are very lightly contaminated with residual magic.
Nothing appears to happen.
You conjure some foxfire!
You conjure some foxfire!
The foxfire hits the worm.
The worm is severely wounded.
The foxfire hits the worm but does no damage.
The worm is severely wounded.
You conjure some foxfire!
The worm bites you.
The foxfire hits the worm.
The worm is almost dead.
You are too injured to fight recklessly!
The worm closely misses you.
Your magical contamination has completely faded away.
Your foxfire dissipates!
The worm attacks as it pursues you! The worm bites you!
You don't have enough magic to cast this spell.
Unknown command.
You don't have enough magic to cast this spell.
Unknown command.
You don't have enough magic to cast this spell.
Unknown command.
The worm bites you.
* * * LOW HITPOINT WARNING * * *
The worm attacks as it pursues you! The worm bites you!
You die...

##### ###...## ##......#
##.......# ###########
###....###.#
.............###....### #.#
..........##w@.....## #.#
......... #......## #.#
..#########....### #.#
#.#.......#.############.#
#.#.#####.#..##.##.##.#..#
#.#.#####.#..##.##.##...##
#......##.#####.....#.###
###....##.†.......###.######
##+###....######.....#
#.#....#


You could see a worm.

Vanquished Creatures
  An adder (D:2)
  A worm (D:2)
  A dart slug (D:2)
  5 bats
  3 endoplasms
  2 giant cockroaches (D:1)
  A hobgoblin (D:1)
  6 jackals
  A quokka (D:1)
  3 ball pythons
  A frilled lizard (D:1)
  3 goblins (D:1)
  2 kobolds
  2 rats
32 creatures vanquished.

Vanquished Creatures (others)
  159 foxfires
159 creatures vanquished.

Grand Total: 191 creatures vanquished

Notes
Turn   | Place    | Note
-------+----------+-------------------------------------------
     0 | D:1      | retardedninja the Gargoyle Fire Elementalist began the
                  | quest for the Orb.
     0 | D:1      | Reached XP level 1. HP: 10/10 MP: 3/3
     0 | D:1      | Upgraded the game from 0.31-a0-940-gdaa99269f9 to
                  | 0.31-a0-960-g0fca184906
   216 | D:1      | Reached XP level 2. HP: 6/15 MP: 0/5
  1477 | D:2      | Reached XP level 3. HP: 11/19 MP: 0/6
  1583 | D:2      | Learned a level 2 spell: Scorch
  2082 | D:2      | Slain by a worm

Illustrated notes

Levels and vault maps discovered:
D:1:      dpeg_arrival_boxes_within_box, layout_basic
D:2:      layout_basic, serial_curves, eino_curves_02, eino_curves_03,
          kennysheep_nondescript, hex_tiny

Skill      XL: |  1  2  3 |
---------------+----------+-----
Dodging        | 2 |  2.0
Stealth        | |  2.8
Spellcasting   | |  2.4
Conjurations   | |  1.9
Fire Magic     | |  3.3

Action                     || total
---------------------------++-------
  Melee: Unarmed           ||    17
   Cast: Foxfire           ||    93
 Armour: Robe              ||    29
  Dodge: Dodged            ||    42

Table legend: (Time is in decaauts)
 A = Elapsed time spent in this place.
 B = Non-inter-level travel time spent in this place.
 C = Inter-level travel time spent in this place.
 D = Time resting spent in this place.
 E = Time spent auto-exploring this place.
 F = Levels seen in this place.
 G = Mean time per level.
                   A        B        C        D        E       F      G
               +--------+--------+--------+--------+--------+-----+--------+
         Total |   2081 |   2076 |      5 |      0 |   1748 |   2 | 1040.5 |
       Dungeon |   2081 |   2076 |      5 |      0 |   1748 |   2 | 1040.5 |
               +--------+--------+--------+--------+--------+-----+--------+

Top non-repeatable levels by time:
     D:1: 1361 daAuts
     D:2: 720 daAuts
